 Dungeon Crawl Stone Soup version 0.17-a0-725-gfa8c127 (webtiles) character file.

139 xeno23 the Chiller (level 5, -1/36 HPs)
             Began as a Merfolk Ice Elementalist on Apr 20, 2015.
             Slain by a black bear (3 damage)
             ... on level 2 of the Dungeon.
             The game lasted 00:15:54 (3318 turns).

xeno23 the Chiller (Merfolk Ice Elementalist)       Turns: 3318, Time: 00:15:54

Health: -1/36      AC:  9    Str:  8    XL:     5   Next: 22%
Magic:  2/9        EV: 13    Int: 15    God:
Gold:   14         SH:  0    Dex: 15    Spells: 3 memorised, 2 levels left

rFire  . . .     SeeInvis .     c - +0 spear
rCold  . . .     Clarity  .     a - +0 robe
rNeg   . . .     SustAb   .     (no shield)
rPois  .         Gourm    .     m - +0 helmet
rElec  .         Spirit   .     g - +0 cloak
rCorr  .         Warding  .     (no gloves)
rMut   .         Stasis   +     (no boots)
MR     .....                    e - amulet of stasis
Stlth  ++........               (no ring)
                                (no ring)

@: icy armour (expiring), not resistant to hostile enchantments, unstealthy
A: change form in water, swift swim
a: no special abilities


You were on level 2 of the Dungeon.
You were hungry.

You visited 1 branch of the dungeon, and saw 2 of its levels.

You collected 14 gold pieces.

Inventory:

Hand weapons
 c - a +0 spear (weapon)
 i - a +0 hunting sling
Missiles
 l - 20 stones (quivered)
Armour
 a - a +0 robe (worn)
 g - a +0 cloak (worn)
 m - a +0 helmet (worn)
Jewellery
 e - an amulet of stasis (around neck)
Magical devices
 d - a wand of flame (10)
 f - a wand of confusion (18)
Scrolls
 p - a scroll of fog
Potions
 h - a potion of brilliance
 j - a potion of might {unknown}
 k - a potion of cancellation {unknown}
 n - a potion of curing {unknown}
 o - a potion of lignification {unknown}
 s - a potion of agility {unknown}
Books
 b - a book of Frost

   Spells                             Type                      Level
   a - Freeze                         Ice                          1
   b - Throw Frost                    Conjuration/Ice              2
   c - Ozocubu's Armour               Charms/Ice                   3
   d - Throw Icicle                   Conjuration/Ice              4
   e - Summon Ice Beast               Ice/Summoning                4
   f - Condensation Shield            Ice                          4
Comestibles
 q - 2 meat rations
 r - a bread ration


   Skills:
 + Level 0.7 Fighting
 * Level 1.7 Polearms
 + Level 2.9 Dodging
 - Level 2.1 Stealth
 + Level 3.2 Spellcasting
   Level 0.7 Conjurations
 * Level 1.2 Summonings
 + Level 4.6 Ice Magic


You had 2 spell levels left.
You knew the following spells:

 Your Spells              Type           Power        Failure   Level  Hunger
a - Freeze                Ice            ###.         3%          1    #......
c - Summon Ice Beast      Ice/Summ       ##......     67%         4    #####..
x - Ozocubu's Armour      Chrm/Ice       #.......     24%         3    ###....


Dungeon Overview and Level Annotations

Branches:
Dungeon (2/15)

Altars:

Annotations:
D:2 Terence


Message History

The black bear barely misses you.
The black bear claws you but does no damage.
The black bear claws you.
* * * LOW HITPOINT WARNING * * *
You take 4 damage.
Read which item? (? for menu, Esc to quit)
Okay, then.
Evoke which item? (* to show all) (? for menu, Esc to quit)
Zapping:
f - a wand of confusion (will waste charges)
Press: ? - help, Shift-Dir - straight line, f/p - black bear
Aim: a black bear (severely wounded, berserk, fast, unusually strong, chance 46%)
Okay, then.
The black bear closely misses you. The black bear misses you.
The black bear claws you but does no damage.
Your icy armour starts to melt.
The black bear rages.
The black bear closely misses you. x2
The black bear barely misses you. The black bear bites you.
You die...

*,,,* * *,,,* *
*,,,* *
*****,,,* *
*,,,,,..*
******
*,**#*#.#
*,,,**
*,*,..#.#
*,,,**
*,#.#.#.####
*,,,**
#.#.#.#..@.#
*,,,,,
#.#......h.##
*****,,,
###...........#
*,,,,,,,
#...###.......#
*,,,,,,,
#...'.'.......#
*,,,,,,,
#...###.......#
*,,,,,,, #...#
#.......#
*,,,,,,,
#..†###....#'##
********
#...#.'....#.#


You could see a black bear (berserk).

Vanquished Creatures
  Natasha (twice) (D:2)
  3 gnolls
  Robin (D:2)
  An adder (D:2)
  An ooze (D:1)
  2 worms (D:2)
  A giant gecko (D:1)
  A ball python (D:1)
  3 giant cockroaches (D:1)
  4 hobgoblins
  2 kobolds
  3 giant newts
  17 goblins
  9 rats
50 creatures vanquished.

Vanquished Creatures (others)
  An ice beast (D:2)
  Ijyb (D:2)
2 creatures vanquished.

Grand Total: 52 creatures vanquished

Notes
Turn   | Place    | Note
--------------------------------------------------------------
     0 | D:1      | xeno23, the Merfolk Ice Elementalist, began the quest for the Orb.
     0 | D:1      | Reached XP level 1. HP: 13/13 MP: 3/3
   171 | D:1      | Reached XP level 2. HP: 10/19 MP: 5/5
   470 | D:1      | Reached skill level 4 in Ice Magic
   775 | D:1      | Reached XP level 3. HP: 22/24 MP: 3/6
  1001 | D:2      | Noticed Robin
  1166 | D:1      | Learned a level 3 spell: Ozocubu's Armour
  1188 | D:2      | HP: 1/24 [Robin/wand of flame (10)]
  1475 | D:2      | Killed Robin
  1824 | D:2      | Reached XP level 4. HP: 15/30 MP: 1/8
  1940 | D:1      | Learned a level 4 spell: Summon Ice Beast
  2443 | D:2      | Noticed Natasha
  2450 | D:2      | Killed Natasha
  2450 | D:2      | Reached skill level 1 in Polearms
  2457 | D:2      | Reached skill level 1 in Summonings
  2457 | D:2      | Reached XP level 5. HP: 30/36 MP: 2/9
  2625 | D:2      | Noticed Terence
  2625 | D:2      | Noticed Ijyb
  2649 | D:2      | Killed Ijyb
  3285 | D:2      | Noticed Natasha
  3289 | D:2      | Noticed a black bear
  3297 | D:2      | Killed Natasha
  3312 | D:2      | HP: 1/36 [black bear (4)]
  3318 | D:2      | Slain by a black bear

Action                   |  1- 3 |  4- 6 || total
-------------------------+-------+-------++-------
Melee: Unarmed           |    16 |       ||    16
       Dagger            |    65 |       ||    65
       Spear             |       |    35 ||    35
 Cast: Freeze            |    39 |    18 ||    57
       Ozocubu's Armour  |     3 |     4 ||     7
       Summon Ice Beast  |       |     1 ||     1
Evoke: Wand              |     2 |     1 ||     3
  Use: Scroll            |     2 |     3 ||     5
       Potion            |     1 |     1 ||     2
 Stab: Sleeping          |     1 |     2 ||     3
       Distracted        |       |     2 ||     2
  Eat: Chunk             |     2 |     2 ||     4
       Bread ration      |       |     1 ||     1
